[Event "Int SVK-ch Open 2020"]
[Site "Drienica"]
[Date "2020.08.08"]
[Round "2.13"]
[White "Sosovickova, Jana"]
[Black "Tegda, Michal"]
[Result "1-0"]
[ECO "C50"]
[WhiteElo "1820"]
[BlackElo "1496"]
[Annotator "NA"]
[PlyCount "95"]
[EventDate "2020.08.07"]
[EventType "swiss"]
[EventCountry "SVK"]
[SourceTitle "playchess.com"]
[Source "ChessBase"]
[SourceQuality "1"]
[TimeControl "40/5400+30:1800+30"]

1. e4 e5 2. Nf3 Nc6 3. Bc4 d6 4. d3 Be7 5. c3 h6 {[%emt 0:00:29] [#]} 6. Qb3 $146 {[%emt 0:02:03] C50: Hungarian Defence and Giuoco Pianissimo.} ({Predecessor:} 6. O-O Nf6 7. Re1 d5 8. exd5 Nxd5 9. Nxe5 Be6 10. Nxc6 bxc6 11. Qh5 g6 12. Qe5 {1-0 (28) Delen,M-Dalgali,E Konya 2019}) 6... Bf6 7. Bxf7+ Kf8 8. Bh5 Qe7 9. Nbd2 Qe6 10. Qxe6 Bxe6 11. O-O Nge7 12. Ne1 g6 13. Be2 Ke8 14. f4 exf4 15. Rxf4 Bg5 16. Rf1 Kd7 17. Nef3 Be3+ 18. Kh1 Raf8 19. Nb3 Bb6 20. d4 Bxb3 (20... d5 {was called for.}) 21. axb3 g5 22. Bd2 g4 23. Nh4 Rxf1+ 24. Rxf1 h5 25. Bb5 a6 26. Ba4 Kc8 27. Rf7 Re8 28. d5 Nxd5 29. exd5 Re2 30. dxc6 Kb8 31. Rf8+ Ka7 32. cxb7 Kxb7 33. Rf1 Rxd2 34. Rb1 c6 35. Nf5 Kc7 36. Ne7 c5 37. c4 $18 Kd8 38. Nd5 Bc7 39. Nf6 Bb6 40. Nxh5 d5 41. cxd5 Rxd5 42. Nf6 Rd4 43. Re1 a5 44. Ne4 c4 45. bxc4 Rxc4 46. Nc3 Bd4 47. Re4 Rb4 48. Re8+ 1-0

[Event "Int SVK-ch Open 2020"]
[Site "Drienica"]
[Date "2020.08.08"]
[Round "2.14"]
[White "Frink Ferenc"]
[Black "Antal, Jakub"]
[Result "1-0"]
[ECO "B03"]
[WhiteElo "2079"]
[BlackElo "1918"]
[Annotator "ChessBase"]
[PlyCount "50"]
[EventDate "2020.08.07"]
[EventType "swiss"]
[EventCountry "SVK"]
[SourceTitle "playchess.com"]
[Source "ChessBase"]
[SourceQuality "1"]
[TimeControl "40/5400+30:1800+30"]

1. e4 Nf6 2. e5 Nd5 3. d4 d6 4. f4 dxe5 5. fxe5 Nc6 6. c3 Bf5 7. Bd3 Qd7 8. Nf3 Bxd3 9. Qxd3 e6 10. O-O Be7 11. b4 f6 12. b5 Nd8 13. Ba3 Nf7 14. exf6 Bxf6 15. Nbd2 O-O-O 16. Nb3 e5 17. Rae1 Rhe8 18. dxe5 Nxe5 19. Nxe5 Bxe5 20. c4 Nc3 21. Qf3 Bd4+ 22. Kh1 Kb8 23. Rxe8 Rxe8 24. Nxd4 Qxd4 25. Bb2 Qe4 1-0

[Event "Int SVK-ch Open 2020"]
[Site "Drienica"]
[Date "2020.08.08"]
[Round "2.14"]
[White "Kulich, Daniel"]
[Black "Recky, Norbert"]
[Result "1/2-1/2"]
[ECO "A45"]
[WhiteElo "1492"]
[BlackElo "1799"]
[Annotator "NA"]
[PlyCount "54"]
[EventDate "2020.08.07"]
[EventType "swiss"]
[EventCountry "SVK"]
[SourceTitle "playchess.com"]
[Source "ChessBase"]
[SourceQuality "1"]
[TimeControl "40/5400+30:1800+30"]

1. d4 Nf6 2. Bf4 g6 3. Nc3 d5 4. Qd2 Bg7 5. Bh6 O-O 6. Bxg7 Kxg7 7. O-O-O c6 8. f3 b5 9. g4 a5 10. h4 h5 11. gxh5 Nxh5 12. Nh3 Nd7 13. e4 Nb6 14. Nf4 Rh8 15. Nce2 Nc4 16. Qe1 Nxf4 17. Nxf4 Qd6 18. Nd3 dxe4 19. Qxe4 Bf5 20. Qf4 Bxd3 21. Qxd6 Nxd6 22. Bxd3 Rh5 23. Rdg1 Rah8 24. Rg4 g5 25. Rhg1 Rxh4 26. Rxg5+ Kf6 27. c3 R8h5 1/2-1/2

[Event "Int SVK-ch Open 2020"]
[Site "Drienica"]
[Date "2020.08.08"]
[Round "2.15"]
[White "Hlavac, Peter"]
[Black "Stevik Patrik"]
[Result "0-1"]
[ECO "E63"]
[WhiteElo "1961"]
[BlackElo "2076"]
[Annotator "ChessBase"]
[PlyCount "64"]
[EventDate "2020.08.07"]
[EventType "swiss"]
[EventCountry "SVK"]
[SourceTitle "playchess.com"]
[Source "ChessBase"]
[SourceQuality "1"]
[TimeControl "40/5400+30:1800+30"]

1. Nf3 Nf6 2. c4 g6 3. Nc3 Bg7 4. g3 O-O 5. Bg2 d6 6. O-O Nc6 7. d4 a6 8. e4 Na5 9. Qe2 c5 10. Be3 Ng4 11. Rfd1 Nxe3 12. fxe3 Be6 13. Nd5 cxd4 14. exd4 Rc8 15. Rac1 Bh6 16. Rc3 Bg4 17. b4 e6 18. Ne3 Bxe3+ 19. Qxe3 Nxc4 20. Qc1 b5 21. Rdd3 Bxf3 22. Bxf3 Qb6 23. Kg2 e5 24. dxe5 dxe5 25. Rd5 Rcd8 26. Be2 Rxd5 27. exd5 Qd4 28. Bxc4 bxc4 29. Rxc4 Qxd5+ 30. Kf2 e4 31. Qc2 Re8 32. Rc8 Qf5+ 0-1

[Event "Int SVK-ch Open 2020"]
[Site "Drienica"]
[Date "2020.08.08"]
[Round "2.15"]
[White "Holicky, Miroslav"]
[Black "Ihnat, Marek"]
[Result "1-0"]
[ECO "D02"]
[WhiteElo "1793"]
[BlackElo "1490"]
[Annotator "NA"]
[PlyCount "81"]
[EventDate "2020.08.07"]
[EventType "swiss"]
[EventCountry "SVK"]
[SourceTitle "playchess.com"]
[Source "ChessBase"]
[SourceQuality "1"]
[TimeControl "40/5400+30:1800+30"]

1. d4 d5 2. Nf3 f5 3. Nbd2 Nf6 4. e3 e6 5. Bd3 Bd6 6. b3 O-O 7. Bb2 c6 8. Qe2 Qe7 9. Ne5 Bd7 10. h3 Ne4 11. c3 Rf6 12. O-O-O Ba3 13. Kc2 Be8 14. Nf1 Bxb2 15. Kxb2 Rh6 16. f3 Nd6 17. g4 fxg4 18. Nxg4 Rh4 19. Ng3 Nd7 20. e4 h5 21. Ne3 Bg6 22. e5 Bxd3 23. Qxd3 Nb5 24. Ng2 Rf8 25. Rdf1 c5 26. Qxb5 cxd4 27. Nxh4 dxc3+ 28. Kxc3 Rc8+ 29. Kb2 Nxe5 30. Rc1 Nc6 31. Rhg1 a6 32. Qd3 Qxh4 33. Nf5 Qf6+ 34. Kb1 Qxf5 35. Qxf5 exf5 36. Rg5 Rf8 37. Rxh5 g6 38. Rg5 Kg7 39. f4 Re8 40. Rcg1 Re6 41. Rxf5 1-0

[Event "Int SVK-ch Open 2020"]
[Site "Drienica"]
[Date "2020.08.08"]
[Round "2.16"]
[White "Gulas, Gabriel"]
[Black "Harvan, Tomas"]
[Result "0-1"]
[ECO "B12"]
[WhiteElo "1472"]
[BlackElo "1788"]
[Annotator "NA"]
[PlyCount "72"]
[EventDate "2020.08.07"]
[EventType "swiss"]
[EventCountry "SVK"]
[SourceTitle "playchess.com"]
[Source "ChessBase"]
[SourceQuality "1"]
[TimeControl "40/5400+30:1800+30"]

1. e4 c6 2. d4 d5 3. e5 c5 4. Nf3 Bg4 5. Be2 e6 6. c3 Nc6 7. O-O cxd4 8. cxd4 Nge7 9. Na3 Nf5 10. Nc2 Qb6 11. Be3 Be7 12. b3 O-O 13. Qd2 Rac8 14. Rac1 Nb4 15. Nxb4 Bxb4 16. Qb2 Nxe3 17. fxe3 Qa5 18. Rxc8 Rxc8 19. Rd1 Ba3 20. Qb1 Qc3 21. Qd3 Bf5 22. Qxc3 Rxc3 23. Nh4 Bc2 24. Rf1 Rxe3 25. Bb5 Bd3 26. Bxd3 Rxd3 27. Rf4 Bc1 28. Rf3 Rxd4 29. Rc3 Ba3 30. Nf3 Rd1+ 31. Kf2 Rc1 32. Rxc1 Bxc1 33. g3 Bb2 34. Ke3 f6 35. Nd4 Bxd4+ 36. Kxd4 fxe5+ 0-1

[Event "Int SVK-ch Open 2020"]
[Site "Drienica"]
[Date "2020.08.08"]
[Round "2.17"]
[White "Sosovickova, Martina"]
[Black "Soldan, Jan"]
[Result "0-1"]
[ECO "B45"]
[WhiteElo "1362"]
[BlackElo "1782"]
[Annotator "NA"]
[PlyCount "70"]
[EventDate "2020.08.07"]
[EventType "swiss"]
[EventCountry "SVK"]
[SourceTitle "playchess.com"]
[Source "ChessBase"]
[SourceQuality "1"]
[TimeControl "40/5400+30:1800+30"]

1. e4 c5 2. Nf3 e6 3. d4 cxd4 4. Nxd4 Nc6 5. Nc3 Nf6 6. Be2 Be7 7. O-O O-O 8. Kh1 a6 9. a4 b6 10. f4 Bb7 11. Bf3 d5 12. exd5 exd5 13. Be3 Nxd4 14. Bxd4 Qd6 15. Qe1 Rfe8 16. Qg3 Bf8 17. Rad1 Rad8 18. Be5 Qe6 19. Rfe1 Qf5 20. Bc7 Rxe1+ 21. Rxe1 Rd7 22. Bxb6 Qxc2 23. Qf2 Qxf2 24. Bxf2 d4 25. Bxb7 dxc3 26. Bxa6 cxb2 27. Rb1 Ba3 28. a5 Ne4 29. Be1 Rc7 30. Bd3 Nc3 31. Bxc3 Rxc3 32. Rd1 Rxd3 33. Re1 Kf8 34. a6 Rd8 35. a7 Ra8 0-1

[Event "Int SVK-ch Open 2020"]
[Site "Drienica"]
[Date "2020.08.08"]
[Round "2.18"]
[White "Ihnat Marek"]
[Black "Durica, Andrej"]
[Result "1-0"]
[ECO "C40"]
[WhiteElo "2046"]
[BlackElo "1911"]
[Annotator "RC"]
[PlyCount "93"]
[EventDate "2020.08.07"]
[EventType "swiss"]
[EventCountry "SVK"]
[SourceTitle "playchess.com"]
[Source "ChessBase"]
[SourceQuality "1"]
[TimeControl "40/5400+30:1800+30"]

1. e4 e5 2. Nf3 f5 3. Nxe5 Qf6 4. d4 d6 5. Nc4 fxe4 6. Nc3 Qg6 7. f3 exf3 8. Qxf3 Nf6 9. Bd3 Qg4 10. O-O Qxf3 11. Rxf3 Nc6 12. Bg5 Be7 13. Re1 Kd8 14. Rfe3 h6 15. Bh4 g5 16. Bg3 Ng4 17. R3e2 Bf6 18. d5 Bd4+ 19. Kh1 Nce5 20. Nxe5 Nxe5 21. Bxe5 Bxe5 22. Rf2 c6 23. Be4 Bd7 24. Nd1 Ke7 25. c3 Raf8 26. Ref1 Rxf2 27. Rxf2 Rf8 28. Rxf8 Kxf8 29. Ne3 Ke7 30. g3 Kf6 31. Kg2 g4 32. Kf2 Kg5 33. Nc4 cxd5 34. Nxe5 dxe5 35. Bxd5 Bc6 36. Bxc6 bxc6 37. b4 Kf5 38. Ke3 Ke6 39. Ke4 Kd6 40. c4 Ke6 41. a4 Kf6 42. b5 cxb5 43. cxb5 Ke6 44. a5 Kd6 45. b6 a6 46. Kf5 h5 47. Ke4 1-0

[Event "Int SVK-ch Open 2020"]
[Site "Drienica"]
[Date "2020.08.08"]
[Round "2.18"]
[White "Elias, David"]
[Black "Kulich, Filip"]
[Result "1-0"]
[ECO "C42"]
[WhiteElo "1790"]
[BlackElo "1397"]
[Annotator "NA"]
[PlyCount "68"]
[EventDate "2020.08.07"]
[EventType "swiss"]
[EventCountry "SVK"]
[SourceTitle "playchess.com"]
[Source "ChessBase"]
[SourceQuality "1"]
[TimeControl "40/5400+30:1800+30"]

1. e4 e5 2. Nf3 Nf6 3. Nxe5 d6 4. Nf3 Nxe4 5. Nc3 Nxc3 6. dxc3 Bf5 7. Be3 Nc6 8. Qd2 Be7 9. O-O-O O-O 10. h4 Be6 11. Kb1 Na5 12. h5 Bf6 13. Nd4 Nc4 14. Bxc4 Bxc4 15. g4 h6 16. f4 Bxd4 17. Qxd4 Be2 18. Rdg1 Qf6 19. Qd2 Bf3 20. Rh3 Be4 21. Bd4 Qe6 22. f5 Qd5 23. g5 c5 24. gxh6 cxd4 25. Qg5 Qe5 26. cxd4 Bxc2+ 27. Ka1 Qxd4 28. f6 Bg6 29. hxg6 Qxf6 30. h7+ Kh8 31. Qxf6 fxg6 32. Qxg6 Rf1+ 33. Rxf1 Rc8 34. Qf7 Rc1+ 1-0

[Event "Int SVK-ch Open 2020"]
[Site "Drienica"]
[Date "2020.08.08"]
[Round "2.19"]
[White "Durica, Daniel"]
[Black "Brhel Jan"]
[Result "1-0"]
[ECO "D00"]
[WhiteElo "1935"]
[BlackElo "2042"]
[Annotator "ChessBase"]
[PlyCount "51"]
[EventDate "2020.08.07"]
[EventType "swiss"]
[EventCountry "SVK"]
[SourceTitle "playchess.com"]
[Source "ChessBase"]
[SourceQuality "1"]
[TimeControl "40/5400+30:1800+30"]

1. d4 d5 2. e4 dxe4 3. Nc3 Nf6 4. f3 exf3 5. Nxf3 c6 6. Bd3 Bg4 7. Be3 e6 8. O-O Bd6 9. Qe1 Bxf3 10. Rxf3 O-O 11. Qh4 Nbd7 12. Bg5 h5 13. Ne4 Be7 14. c4 Re8 15. Raf1 Nxe4 16. Qxe4 Nf6 17. Rxf6 Bxf6 18. Rxf6 gxf6 19. Qh7+ Kf8 20. Qh6+ Ke7 21. Bxf6+ Kd7 22. Bxd8 Raxd8 23. Qxh5 f5 24. d5 cxd5 25. cxd5 Ke7 26. Bb5 1-0

[Event "Int SVK-ch Open 2020"]
[Site "Drienica"]
[Date "2020.08.08"]
[Round "2.19"]
[White "Magda, Filip"]
[Black "Sevcik, Lubomir"]
[Result "0-1"]
[ECO "D00"]
[WhiteElo "1266"]
[BlackElo "1748"]
[Annotator "NA RC"]
[PlyCount "92"]
[EventDate "2020.08.07"]
[EventType "swiss"]
[EventCountry "SVK"]
[SourceTitle "playchess.com"]
[Source "ChessBase"]
[SourceQuality "1"]
[TimeControl "40/5400+30:1800+30"]

1. d4 d5 2. e4 dxe4 3. Nc3 Nf6 4. f3 Bf5 5. fxe4 Bxe4 6. Nxe4 Nxe4 7. Nf3 e6 8. Bd3 Bb4+ 9. Ke2 Nf6 10. c3 Be7 11. Qb3 b6 12. Qa4+ c6 13. Re1 b5 14. Qc2 Qc7 15. Kf1 Nbd7 16. Bd2 Bd6 17. h3 O-O 18. c4 bxc4 19. Bxc4 a5 20. a4 Nb6 21. Bd3 Nbd5 22. Ng5 h6 23. Ne4 Bf4 24. Nxf6+ Nxf6 25. Kg1 Bxd2 26. Qxd2 Qb6 27. Kh1 Rfd8 28. Rf1 Qxd4 29. Rfd1 Ne4 30. Qc2 Nf2+ 31. Kh2 Qe5+ 32. Kg1 Nxd1 33. Rxd1 c5 34. b3 Kh8 35. Rf1 Qe3+ 36. Kh1 Qxd3 37. Qxd3 Rxd3 38. Rxf7 Rxb3 39. Rc7 Rc3 40. Re7 Rc4 41. Rxe6 Rxa4 42. Rc6 Rc4 43. Re6 Rc1+ 44. Kh2 c4 45. Re2 a4 46. Ra2 a3 0-1

[Event "Int SVK-ch Open 2020"]
[Site "Drienica"]
[Date "2020.08.08"]
[Round "2.20"]
[White "Belis, Rudolf"]
[Black "Panko, Radoslav"]
[Result "0-1"]
[ECO "C18"]
[WhiteElo "1922"]
[BlackElo "2031"]
[Annotator "ChessBase"]
[PlyCount "78"]
[EventDate "2020.08.07"]
[EventType "swiss"]
[EventCountry "SVK"]
[SourceTitle "playchess.com"]
[Source "ChessBase"]
[SourceQuality "1"]
[TimeControl "40/5400+30:1800+30"]

1. e4 e6 2. d4 d5 3. Nc3 Bb4 4. e5 Ne7 5. a3 Bxc3+ 6. bxc3 c5 7. h4 Qc7 8. h5 h6 9. Rh4 Nbc6 10. Nf3 Bd7 11. a4 Nf5 12. Rf4 cxd4 13. cxd4 Nb4 14. Bd3 Qc3+ 15. Bd2 Nxd3+ 16. cxd3 Qxd3 17. Bb4 Qxd1+ 18. Kxd1 Rc8 19. a5 Bb5 20. Bc5 a6 21. Kd2 Ne7 22. Rh4 Nc6 23. Rg4 Rh7 24. Bb6 Nb4 25. Bc5 Nd3 26. Ke3 Nxc5 27. Rc1 Bc4 28. dxc5 Rxc5 29. Nd2 Rxa5 30. Nxc4 dxc4 31. Rgxc4 Rxe5+ 32. Kf4 Rxh5 33. Rc7 Rb5 34. Rd1 g5+ 35. Kg3 Kf8 36. Rdd7 Kg8 37. Rxb7 Rxb7 38. Rxb7 f6 39. Rb6 Ra7 0-1

[Event "Int SVK-ch Open 2020"]
[Site "Drienica"]
[Date "2020.08.08"]
[Round "2.20"]
[White "Socko, Weronika"]
[Black "Magda, Juraj"]
[Result "1/2-1/2"]
[ECO "E91"]
[WhiteElo "1741"]
[BlackElo "1261"]
[Annotator "NA"]
[PlyCount "68"]
[EventDate "2020.08.07"]
[EventType "swiss"]
[EventCountry "SVK"]
[SourceTitle "playchess.com"]
[Source "ChessBase"]
[SourceQuality "1"]
[TimeControl "40/5400+30:1800+30"]

1. d4 Nf6 2. c4 g6 3. Nc3 Bg7 4. Nf3 O-O 5. e4 d6 6. Be2 Bg4 7. O-O c5 8. Be3 cxd4 9. Nxd4 Bxe2 10. Qxe2 Nc6 11. Rad1 Qd7 12. h3 Qc7 13. f4 Nxd4 14. Bxd4 Rfe8 15. Rf3 e5 16. fxe5 dxe5 17. Bf2 a6 18. Bh4 Qc5+ 19. Kh2 Re6 20. Bxf6 Rxf6 21. Rd7 Qc6 22. Rxf6 Qxd7 23. Rf3 Qd6 24. Qf2 f5 25. c5 Qd4 26. Qc2 Qxc5 27. exf5 Qc7 28. Qb3+ Kh8 29. Nd5 Qd6 30. f6 e4+ 31. Rg3 Bxf6 32. Nxf6 Qxf6 33. Qxb7 Rf8 34. Qxe4 Qxb2 1/2-1/2

[Event "Int SVK-ch Open 2020"]
[Site "Drienica"]
[Date "2020.08.08"]
[Round "2.21"]
[White "Varga, Lukas"]
[Black "Striskova Lucia"]
[Result "*"]
[ECO "C67"]
[WhiteElo "2000"]
[BlackElo "1706"]
[Annotator "ChessBase"]
[PlyCount "57"]
[EventDate "2020.08.07"]
[EventType "swiss"]
[EventCountry "SVK"]
[SourceTitle "playchess.com"]
[Source "ChessBase"]
[SourceQuality "1"]
[TimeControl "40/5400+30:1800+30"]

1. e4 e5 2. Nf3 Nc6 3. Bb5 Nf6 4. O-O Nxe4 5. d4 Nd6 6. Bxc6 dxc6 7. dxe5 Nf5 8. Qxd8+ Kxd8 9. h3 Bc5 10. Nc3 a6 11. Ne4 Bb6 12. Re1 h6 13. g4 Ne7 14. Be3 Nd5 15. Bxb6 Nxb6 16. Kg2 Ke7 17. Nc5 Nd7 18. Ne4 Re8 19. Nd4 Kf8 20. f4 c5 21. Nf5 b6 22. Rad1 Nb8 23. Kf2 Nc6 24. Rd2 Be6 25. Ne3 Rad8 26. Red1 Ke7 27. Rxd8 Rxd8 28. Rxd8 Kxd8 29. Kg3 *

[Event "Int SVK-ch Open 2020"]
[Site "Drienica"]
[Date "2020.08.08"]
[Round "2.21"]
[White "Varga, Lukas"]
[Black "Striskova Lucia"]
[Result "1-0"]
[ECO "C67"]
[WhiteElo "2000"]
[BlackElo "1706"]
[Annotator "ChessBase"]
[PlyCount "97"]
[EventDate "2020.08.07"]
[EventType "swiss"]
[EventCountry "SVK"]
[SourceTitle "playchess.com"]
[Source "ChessBase"]
[SourceQuality "1"]
[TimeControl "40/5400+30:1800+30"]

1. e4 e5 2. Nf3 Nc6 3. Bb5 Nf6 4. O-O Nxe4 5. d4 Nd6 6. Bxc6 dxc6 7. dxe5 Nf5 8. Qxd8+ Kxd8 9. h3 Bc5 10. Nc3 a6 11. Ne4 Bb6 12. Re1 h6 13. g4 Ne7 14. Be3 Nd5 15. Bxb6 Nxb6 16. Kg2 Ke7 17. Nc5 Nd7 18. Ne4 Re8 19. Nd4 Kf8 20. f4 c5 21. Nf5 b6 22. Rad1 Nb8 23. Kf2 Nc6 24. Rd2 Be6 25. Ne3 Rad8 26. Red1 Ke7 27. Rxd8 Rxd8 28. Rxd8 Kxd8 29. Nc3 Bc8 30. Kf3 Bb7 31. Kg3 Nd4 32. f5 Kd7 33. Kf4 b5 34. g5 hxg5+ 35. Kxg5 Nf3+ 36. Kf4 Nd4 37. h4 Bc6 38. h5 b4 39. Ncd5 Bxd5 40. Nxd5 Kd8 41. c3 bxc3 42. Nxc3 Ke8 43. Nd5 a5 44. Nxc7+ Kf8 45. e6 Ke7 46. Nd5+ Ke8 47. Ke5 f6+ 48. Nxf6+ gxf6+ 49. Kxf6 1-0

[Event "Int SVK-ch Open 2020"]
[Site "Drienica"]
[Date "2020.08.08"]
[Round "2.21"]
[White "Kubikova, Nina"]
[Black "Bochnickova, Simona"]
[Result "1/2-1/2"]
[ECO "C42"]
[WhiteElo "1256"]
[BlackElo "1785"]
[Annotator "NA"]
[PlyCount "96"]
[EventDate "2020.08.07"]
[EventType "swiss"]
[EventCountry "SVK"]
[SourceTitle "playchess.com"]
[Source "ChessBase"]
[SourceQuality "1"]
[TimeControl "40/5400+30:1800+30"]

1. e4 e5 2. Nf3 Nf6 3. Nxe5 d6 4. Nf3 Nxe4 5. Qe2 Qe7 6. Nc3 Nxc3 7. dxc3 Bg4 8. Qxe7+ Bxe7 9. Be2 Nd7 10. Be3 O-O 11. h3 Bf5 12. Nd4 Bg6 13. O-O-O Rfe8 14. Nb5 Rec8 15. Bf3 c6 16. Nxd6 Bxd6 17. Rxd6 Nb6 18. Bxb6 axb6 19. a3 Rd8 20. Rhd1 Rxd6 21. Rxd6 Bf5 22. g4 Be6 23. Bg2 Kf8 24. Rd4 Re8 25. Rb4 b5 26. Bf1 Bxg4 27. Kd2 Rd8+ 28. Rd4 Rxd4+ 29. cxd4 Bf5 30. Bg2 Ke7 31. c3 Kd6 32. Ke3 Be6 33. Bf1 Bc4 34. Bg2 Bd5 35. Bf1 g5 36. f4 f6 37. Be2 Be6 38. Bf1 h5 39. Bg2 Bd5 40. Bf1 Ke6 41. fxg5 fxg5 42. Be2 Bg2 43. Bxh5 Bxh3 44. Be2 Kf5 45. c4 bxc4 46. Bxc4 g4 47. d5 Ke5 48. dxc6 bxc6 1/2-1/2

[Event "Int SVK-ch Open 2020"]
[Site "Drienica"]
[Date "2020.08.08"]
[Round "2.22"]
[White "Kukan, Michal"]
[Black "Horbalova, Ivana"]
[Result "1-0"]
[ECO "A04"]
[WhiteElo "1760"]
[BlackElo "1311"]
[Annotator "NA"]
[PlyCount "69"]
[EventDate "2020.08.07"]
[EventType "swiss"]
[EventCountry "SVK"]
[SourceTitle "playchess.com"]
[Source "ChessBase"]
[SourceQuality "1"]
[TimeControl "40/5400+30:1800+30"]

1. Nf3 f5 2. d4 Nf6 3. Nc3 c6 4. Bg5 Ne4 5. Nxe4 fxe4 6. Ne5 d6 7. Nc4 h6 8. Bh4 g5 9. Bg3 Bg7 10. e3 Be6 11. Nd2 d5 12. Be2 Bf7 13. h4 Nd7 14. hxg5 hxg5 15. Rxh8+ Bxh8 16. Bh5 Nf6 17. Bxf7+ Kxf7 18. Qe2 Qd7 19. O-O-O Qg4 20. Qf1 Bg7 21. Be5 Rh8 22. f3 exf3 23. Nxf3 Qf5 24. Qe2 g4 25. Nh2 Ke6 26. Rf1 Qh5 27. Rf4 g3 28. Nf3 Qh1+ 29. Ne1 Bh6 30. Rf3 Rg8 31. Bxg3 Rg4 32. Rxf6+ Kxf6 33. Qxg4 Bxe3+ 34. Kd1 Qh7 35. Be5+ 1-0

[Event "Int SVK-ch Open 2020"]
[Site "Drienica"]
[Date "2020.08.08"]
[Round "2.23"]
[White "Bednar, Jan"]
[Black "Andras, Anton"]
[Result "1-0"]
[ECO "A25"]
[WhiteElo "2018"]
[BlackElo "1584"]
[Annotator "ChessBase"]
[PlyCount "36"]
[EventDate "2020.08.07"]
[EventType "swiss"]
[EventCountry "SVK"]
[SourceTitle "playchess.com"]
[Source "ChessBase"]
[SourceQuality "1"]
[TimeControl "40/5400+30:1800+30"]

1. c4 e5 2. Nc3 Nc6 3. g3 Bb4 4. Bg2 Bxc3 5. bxc3 Nf6 6. e4 O-O 7. Ne2 d6 8. O-O Be6 9. d3 h6 10. Rb1 b6 11. f4 Bg4 12. h3 Bxe2 13. Qxe2 Qd7 14. Be3 Rad8 15. d4 Rfe8 16. fxe5 dxe5 17. d5 Na5 18. Bxh6 c5 1-0

[Event "Int SVK-ch Open 2020"]
[Site "Drienica"]
[Date "2020.08.08"]
[Round "2.23"]
[White "Stanko Ivan"]
[Black "Orsag Milan"]
[Result "0-1"]
[ECO "B22"]
[WhiteElo "1848"]
[BlackElo "2300"]
[Annotator "ChessBase"]
[PlyCount "64"]
[EventDate "2020.08.07"]
[EventType "swiss"]
[EventCountry "SVK"]
[SourceTitle "playchess.com"]
[Source "ChessBase"]
[SourceQuality "1"]
[TimeControl "40/5400+30:1800+30"]

1. e4 c5 2. c3 Nf6 3. e5 Nd5 4. Nf3 e6 5. d4 cxd4 6. cxd4 b6 7. a3 Be7 8. Be2 O-O 9. O-O Bb7 10. Nc3 Nxc3 11. bxc3 d6 12. Re1 Nd7 13. exd6 Bxd6 14. h3 Rc8 15. Bb2 h6 16. a4 Bd5 17. Ba6 Rc7 18. Nd2 Bf4 19. a5 Bxg2 20. Kxg2 Qg5+ 21. Kh1 Bxd2 22. Rg1 Qd5+ 23. Rg2 Bg5 24. c4 Qf5 25. Qb3 e5 26. axb6 axb6 27. dxe5 Ra8 28. Qc3 Nc5 29. Bb5 Rd8 30. Kg1 Ne4 31. Qc2 Rd2 32. Ra8+ Kh7 0-1

[Event "Int SVK-ch Open 2020"]
[Site "Drienica"]
[Date "2020.08.08"]
[Round "2.24"]
[White "Zahradnik Vladimir"]
[Black "Juhar Roman"]
[Result "0-1"]
[ECO "D11"]
[WhiteElo "1874"]
[BlackElo "2225"]
[Annotator "ChessBase"]
[PlyCount "102"]
[EventDate "2020.08.07"]
[EventType "swiss"]
[EventCountry "SVK"]
[SourceTitle "playchess.com"]
[Source "ChessBase"]
[SourceQuality "1"]
[TimeControl "40/5400+30:1800+30"]

1. d4 d5 2. Nf3 c6 3. c4 dxc4 4. e3 b5 5. a4 Bb7 6. b3 e6 7. bxc4 b4 8. Bd3 a5 9. Bb2 Nf6 10. Nbd2 c5 11. O-O Be7 12. Qe2 O-O 13. dxc5 Nbd7 14. Nb3 Nxc5 15. Nxc5 Bxc5 16. e4 Rc8 17. e5 Nh5 18. g3 g6 19. Be4 Qb6 20. Bxb7 Qxb7 21. Nd2 Rfd8 22. Ne4 Be7 23. Rfd1 Qc6 24. Rdc1 Bc5 25. Qg4 Rd3 26. Re1 Rcd8 27. Qg5 Qc7 28. g4 Be7 29. Qc1 Ng7 30. c5 R8d5 31. Qh6 Ne8 32. Rec1 Rxe5 33. Rc4 Rxe4 34. Rxe4 Bxc5 35. Be5 Bd6 36. Rc1 Qd7 37. Ba1 Bf8 38. Qf4 Qxa4 39. Rec4 Qd7 40. Rd4 Rxd4 41. Bxd4 b3 42. Qe3 a4 43. h3 a3 44. Rb1 b2 45. Bxb2 axb2 46. Rxb2 Nf6 47. Rb8 Kg7 48. g5 Qd1+ 49. Kg2 Qd5+ 50. Kg1 Ne4 51. h4 Bc5 0-1

[Event "Int SVK-ch Open 2020"]
[Site "Drienica"]
[Date "2020.08.08"]
[Round "2.24"]
[White "Furman, Slavomir"]
[Black "Magdova, Lucia"]
[Result "1-0"]
[ECO "D20"]
[WhiteElo "1760"]
[BlackElo "1046"]
[Annotator "NA"]
[PlyCount "31"]
[EventDate "2020.08.07"]
[EventType "swiss"]
[EventCountry "SVK"]
[SourceTitle "playchess.com"]
[Source "ChessBase"]
[SourceQuality "1"]
[TimeControl "40/5400+30:1800+30"]

1. d4 d5 2. c4 dxc4 3. e3 b5 4. a4 Ba6 5. axb5 Bxb5 6. b3 Qd5 7. bxc4 Bxc4 8. Qa4+ Nc6 9. Qxc4 Qf5 10. Qxc6+ Kd8 11. Qxa8+ Kd7 12. d5 e6 13. Qc6+ Kd8 14. Rxa7 Ke7 15. d6+ Kf6 16. Qf3 1-0

[Event "Int SVK-ch Open 2020"]
[Site "Drienica"]
[Date "2020.08.08"]
[Round "2.25"]
[White "Hros Roman"]
[Black "Tomcikova Zuzana"]
[Result "1-0"]
[ECO "B07"]
[WhiteElo "2203"]
[BlackElo "1776"]
[Annotator "ChessBase"]
[PlyCount "31"]
[EventDate "2020.08.07"]
[EventType "swiss"]
[EventCountry "SVK"]
[SourceTitle "playchess.com"]
[Source "ChessBase"]
[SourceQuality "1"]
[TimeControl "40/5400+30:1800+30"]

1. e4 d6 2. f4 Nf6 3. d3 g6 4. Be2 Bg7 5. Nf3 Nc6 6. O-O O-O 7. Qe1 e5 8. fxe5 dxe5 9. c3 Qe7 10. b4 Nb8 11. Qh4 Nbd7 12. Be3 b6 13. Nbd2 Bb7 14. Ng5 Rad8 15. Nxh7 Rfe8 16. Bg5 1-0

[Event "Int SVK-ch Open 2020"]
[Site "Drienica"]
[Date "2020.08.08"]
[Round "2.25"]
[White "Sevcik, Ondrej"]
[Black "Paluska, Karol"]
[Result "0-1"]
[ECO "B10"]
[WhiteElo "1017"]
[BlackElo "1871"]
[Annotator "NA"]
[PlyCount "46"]
[EventDate "2020.08.07"]
[EventType "swiss"]
[EventCountry "SVK"]
[SourceTitle "playchess.com"]
[Source "ChessBase"]
[SourceQuality "1"]
[TimeControl "40/5400+30:1800+30"]

1. e4 c6 2. Nf3 d5 3. Nc3 Nf6 4. e5 Ne4 5. d4 Nxc3 6. bxc3 {[%emt 0:00:13] B11: Caro-Kann: Two Knights Variation.} Bg4 7. h3 Bxf3 8. Qxf3 e6 9. Bd3 c5 {[%emt 0:07:52] [#]} 10. Ba3 $146 ({Predecessor:} 10. Rb1 Qd7 11. Be3 cxd4 12. cxd4 Nc6 13. O-O Be7 14. c4 dxc4 15. Bxc4 O-O 16. Rfd1 {½-½ (56) Munoz Pantoja,M (2434)-Vittorino,C (2301) Barcelona 2015}) 10... Qa5 {[%emt 0:01:28] Double Attack} 11. Bxc5 $2 (11. Bb2 $17 {was worth a try.}) 11... Bxc5 12. dxc5 Qxc3+ 13. Ke2 Qxe5+ 14. Kd2 Qg5+ 15. Ke2 Nc6 16. Bb5 O-O 17. h4 $2 (17. Bxc6 bxc6 18. Rhb1) 17... Qe5+ 18. Kd2 Nd4 19. Qd3 Nxb5 20. Qxb5 Qd4+ 21. Ke2 $19 Rac8 22. Qxb7 Rxc5 23. Qb2 Qxb2 0-1